 Dungeon Crawl Stone Soup version 0.31-a0-507-gbafd7f5274 (webtiles) character file.

Game seed: 10790205933871380381

1878 randomguy2701 the Thaumaturge (level 8, -1/41 HPs)
             Began as a Deep Elf Necromancer on Aug 9, 2023.
             Shot with a bolt by an orc warrior (14 damage)
             ... on level 6 of the Dungeon.
             The game lasted 00:12:54 (5177 turns).

randomguy2701 the Thaumaturge (DENe)                Turns: 5177, Time: 00:12:55

Health: -1/41      AC:  5    Str:  5    XL:     8   Next: 91%
Magic:  24/24      EV: 13    Int: 28    God:
Gold:   336        SH:  0    Dex: 15    Spells: 23/27 levels left

rFire   . . .        r - +3 falchion of Vifuczirch {venom, Int+5}
rCold   . . .        (no shield)
rNeg    . . .        a - +0 robe
rPois   .            (no helmet)
rElec   .            (no cloak)
rCorr   .            (no gloves)
SInv    .            w - +2 pair of boots
Will    .....        v - amulet of magic regeneration
Stlth   ++           (no ring)
HPRegen 0.26/turn    (no ring)
MPRegen 0.59/turn

%: no passive effects
@: no status effects
A: no striking features
a: no special abilities


You were on level 6 of the Dungeon.
You visited 1 branch of the dungeon, and saw 6 of its levels.

You collected 336 gold pieces.

Inventory:

Hand Weapons
 n - a +2 sling of flaming
 r - the +3 falchion of Vifuczirch (weapon) {venom, Int+5}
   (You found it on level 4 of the Dungeon)

   Int+5:     It affects your intelligence (+5).
Armour
 a - a +0 robe (worn)
 w - a +2 pair of boots (worn)
Magical Staves
 p - a staff of fire
Jewellery
 v - an amulet of magic regeneration (around neck)
 x - a ring of fire
Wands
 t - a wand of flame (22)
Scrolls
 c - a scroll of teleportation {unknown}
 e - 2 scrolls of enchant armour {unknown}
 f - 3 scrolls of noise {unknown}
 i - 7 scrolls of identify {unknown}
 j - a scroll of blinking {unknown}
 l - a scroll of vulnerability {unknown}
 m - a scroll of acquirement {unknown}
 s - a scroll of silence {unknown}
 u - a scroll of immolation {unknown}
Potions
 b - 2 potions of magic
 d - 2 potions of attraction {unknown}
 g - a potion of haste {unknown}
 h - 2 potions of degeneration {unknown}
 k - a potion of mutation {unknown}
 o - 3 potions of curing {unknown}
 q - a potion of enlightenment {unknown}
 z - a potion of resistance {unknown}
 A - a potion of ambrosia {unknown}


   Skills:
 + Level 1.4 Long Blades
 + Level 5.6 Ranged Weapons
 + Level 3.6 Dodging
 + Level 3.3 Stealth
 + Level 10.2 Spellcasting
 + Level 9.4 Necromancy


You had 23 spell levels left.
You knew the following spells:

 Your Spells              Type           Power      Damage    Failure   Level
a - Necrotise             Necr           100%       1d9       1%          1
b - Vampiric Draining     Necr           61%        2d10      1%          3

Your spell library contained the following spells:

 Spells                   Type           Power      Damage    Failure   Level
 Animate Dead             Necr           61%        N/A       1%          4
 Agony                    Necr           61%        N/A       2%          5
 Anguish                  Hex/Necr       20%        N/A       5%          4
 Ensorcelled Hibernation  Hex/Ice        28%        N/A       6%          2
 Ozocubu's Armour         Ice            14%        N/A       12%         3
 Simulacrum               Ice/Necr       20%        N/A       65%         6
 Metabolic Englaciation   Hex/Ice        7%         N/A       73%         5
 Haunt                    Necr/Summ      20%        N/A       99%         7
 Borgnjor's Revivificati  Necr           30%        N/A       99%         8
 Death's Door             Necr           30%        N/A       100%        9


Dungeon Overview and Level Annotations

Branches:
Dungeon (6/15)
 Temple: D:4-7

Altars:
Cheibriados
Wu Jian
Yredelemnul

Shops:
D:2 =


Message History

The orc warrior shoots a bolt.
Reactivating autopickup.
You feel a bit more experienced.
The orc warrior shoots a bolt.
The bolt barely misses you.
The orc warrior shoots a bolt.
The bolt barely misses you.
There is a stone staircase leading up here.
The orc warrior shoots a bolt.
The bolt closely misses you.
You climb upwards.
There is a stone staircase leading down here.
The sentinel's mark upon you fades away.
HP restored.
Done exploring.
Done exploring.
Done exploring.
There is a stone staircase leading down here.
You climb downwards.
There is a stone staircase leading up here.
The iguana writhes in agony!
The iguana writhes in agony.
The iguana writhes in agony.
You kill the iguana!
The dead are walking!
You can't see any susceptible monsters within range! (Use Z to cast anyway.)
You can't see any susceptible monsters within range! (Use Z to cast anyway.) Magic restored.
Found a maw talisman.
An orc warrior is nearby!
The orc warrior shoots a bolt.
The bolt hits you!
An orc warrior is nearby!
You can't see any susceptible monsters within range! (Use Z to cast anyway.)
Casting: Necrotise (safe; 1% risk of failure)
Confirm with . or Enter, or press ? or * to list all spells.
You can't see any susceptible monsters within range! (Use Z to cast anyway.) Unknown command.
The orc warrior shoots a bolt.
The bolt hits you!!
You are too injured to fight recklessly!
You are too injured to fight recklessly!
The orc warrior shoots a bolt.
The bolt hits your iguana skeleton!
The orc warrior shoots a bolt.
The bolt hits you!
You die...

... ..# #.# .# ##.## #..#
##...#..... #.......# .
#...###.#......
#####...<....... .#
#......@....#....#..
#..#........#.. .##. ###
.... ##.......#...##..##..
..% #....Z.....#.# #.....
##..........†..# #..#..
#...#.#.....)## ####.<>
#..#####......###.)....
..##...# #...o...o..#....
..#.....###.......######..


You could see an orc warrior (ally target) and a friendly iguana skeleton.

Vanquished Creatures
  A troll (D:6)
  A black bear (D:6)
  An ogre (D:4)
  6 phantoms
  2 kobold brigands (D:6)
  3 scorpions
  A howler monkey (D:6)
  2 jellies
  A sleepcap (D:5)
  2 hounds (D:6)
  A gnoll bouda (D:5)
  4 iguanas
  6 adders
  3 gnolls (D:5)
  A shadow imp (D:5)
  An ufetubus (D:5)
  A worm (D:2)
  5 dart slugs
  6 orcs
  3 ball pythons
  2 bats
  9 endoplasms
  4 giant cockroaches
  7 hobgoblins
  2 quokkas
  6 frilled lizards
  8 goblins
  15 kobolds
  4 rats
108 creatures vanquished.

Vanquished Creatures (collateral kills)
  2 phantoms (D:6)
  A bullfrog (D:6)
  A goblin (D:3)
4 creatures vanquished.

Vanquished Creatures (others)
  An orc wizard (D:6)
1 creature vanquished.

Grand Total: 113 creatures vanquished

Notes
Turn   | Place    | Note
-------+----------+-------------------------------------------
     0 | D:1      | randomguy2701 the Deep Elf Necromancer began the quest for
                  | the Orb.
     0 | D:1      | Reached XP level 1. HP: 10/10 MP: 6/6
   131 | D:1      | Reached skill level 5 in Necromancy
   272 | D:1      | Reached XP level 2. HP: 15/15 MP: 4/8
  1072 | D:2      | Reached skill level 4 in Spellcasting
  1191 | D:2      | Found Pobiwy's One-of-a-Kind Rings.
  1280 | D:2      | Reached XP level 3. HP: 12/19 MP: 5/10
  2228 | D:3      | Reached XP level 4. HP: 24/24 MP: 9/12
  2263 | D:3      | Found a faded altar of an unknown god.
  2404 | D:3      | Reached skill level 5 in Spellcasting
  2530 | D:3      | Reached skill level 1 in Ranged Weapons
  2550 | D:3      | Found a basalt altar of Yredelemnul.
  2624 | D:4      | Identified the +3 falchion of Vifuczirch {venom, Int+5}
  2657 | D:4      | Noticed an ogre
  2670 | D:4      | Killed an ogre
  2671 | D:4      | Reached XP level 5. HP: 28/28 MP: 9/15
  2771 | D:4      | Noticed a phantom
  2824 | D:4      | Killed a phantom
  2825 | D:4      | Reached XP level 6. HP: 20/32 MP: 16/16
  3022 | D:4      | Reached skill level 6 in Spellcasting
  3460 | D:5      | Entered Level 5 of the Dungeon
  3547 | D:5      | Found an ornate altar of the Wu Jian Council.
  3891 | D:5      | Reached skill level 7 in Spellcasting
  3963 | D:5      | Found a snail-covered altar of Cheibriados.
  3974 | D:5      | Reached XP level 7. HP: 19/36 MP: 19/19
  4119 | D:5      | Learned a level 3 spell: Vampiric Draining
  4496 | D:6      | Reached skill level 8 in Spellcasting
  4590 | D:6      | Reached XP level 8. HP: 41/41 MP: 20/22
  4610 | D:6      | Reached skill level 5 in Ranged Weapons
  4625 | D:6      | Noticed a troll
  4637 | D:6      | Killed a troll
  4638 | D:6      | Reached skill level 9 in Spellcasting
  4849 | D:6      | Reached skill level 1 in Long Blades
  4912 | D:6      | Reached skill level 10 in Spellcasting
  5177 | D:6      | Shot with a bolt by an orc warrior

Illustrated notes

Levels and vault maps discovered:
D:1:      spicycebolla_arrival_transporter_tutorial, layout_basic,
          minmay_pentomino_z2
D:2:      layout_basic, grunt_ministairs_1, minmay_splitting_lines,
          nicolae_shop_unique_rings, kennysheep_donut
D:3:      layout_basic, general_overflow_altar, shapermc_ecumenical_altar_gd
D:4:      minmay_spotlight, layout_loops_cross
D:5:      layout_loops_cross, mainiacjoe_overflow_24_doors,
          nzn_wu_jian_contemplation
D:6:      layout_cave_pools, lightli_temple_of_fire, nicolae_shop_self_help

Skill      XL: |  1  2  3  4  5  6  7  8 |
---------------+-------------------------+-----
Necromancy     | 5 6 7 9 |  9.4
Spellcasting   | 4 5 7 8 10 | 10.2
Ranged Weapons | 2 3 4 5 |  5.6
Stealth        | 3 |  3.3
Dodging        | 3 |  3.6
Long Blades    | 1 |  1.4

Action                     |  1- 3 |  4- 6 |  7- 9 || total
---------------------------+-------+-------+-------++-------
  Melee: Unarmed           |     3 |       |       ||     3
         Falchion          |       |    11 |    23 ||    34
         Punch             |       |       |     1 ||     1
   Fire: Sling             |    13 |    43 |    39 ||    95
   Cast: Necrotise         |    64 |    51 |   105 ||   220
         Vampiric Draining |       |       |    12 ||    12
 Armour: Robe              |     5 |    19 |    34 ||    58
  Dodge: Dodged            |    16 |    35 |    78 ||   129

Table legend: (Time is in decaauts)
 A = Elapsed time spent in this place.
 B = Non-inter-level travel time spent in this place.
 C = Inter-level travel time spent in this place.
 D = Time resting spent in this place.
 E = Time spent auto-exploring this place.
 F = Levels seen in this place.
 G = Mean time per level.
                   A        B        C        D        E       F      G
               +--------+--------+--------+--------+--------+-----+--------+
         Total |   5214 |   5050 |    164 |      0 |   4259 |   6 |  869.0 |
       Dungeon |   5214 |   5050 |    164 |      0 |   4259 |   6 |  869.0 |
               +--------+--------+--------+--------+--------+-----+--------+

Top non-repeatable levels by time:
     D:5: 1191 daAuts
     D:2: 1036 daAuts
     D:1: 914 daAuts
     D:4: 851 daAuts
     D:3: 669 daAuts
     D:6: 551 daAuts
